 Dungeon Crawl Stone Soup version 0.17.0-24-gcfadda4 (webtiles) character file.

238 oplop the Changer (level 6, -2/42 HPs)
             Began as an Octopode Transmuter on Nov 16, 2015.
             Slain by an orc
             ... wielding a +0 war axe
              (7 damage)
             ... on level 3 of the Dungeon.
             The game lasted 00:04:44 (3095 turns).

oplop the Changer (Octopode Transmuter)             Turns: 3095, Time: 00:04:44

Health: -2/42      AC:  1    Str: 12    XL:     6   Next: 7%
Magic:  5/10       EV: 12    Int: 15    God:
Gold:   200        SH:  0    Dex: 12    Spells: 3 memorised, 5 levels left

rFire  . . .     SeeInvis .       - Unarmed
rCold  . . .     Clarity  .     (no shield)
rNeg   + . .     SustAt   .     (helmet restricted)
rPois  .         Gourm    .     i - amulet of warding
rElec  .         Spirit   .     (no ring)
rCorr  .         Warding  +     (no ring)
rMut   .         Stasis   .     (no ring)
MR     .....                    (no ring)
Stlth  ++........               (no ring)
                                (no ring)
                                (no ring)
                                (no ring)

@: very slightly contaminated, not resistant to hostile enchantments, unstealthy
A: almost no armour, amphibious, 8 rings, constrict 8, camouflage 1, gelatinous
body 1
a: no special abilities


You were on level 3 of the Dungeon.
You were hungry.

You visited 1 branch of the dungeon, and saw 3 of its levels.

You collected 200 gold pieces.

Inventory:

Missiles
 a - 53 arrows
Armour
 r - a +2 buckler
Jewellery
 i - an amulet of warding (around mantle)
 m - a +2 ring of evasion {unknown}
Scrolls
 d - 3 scrolls of identify {unknown}
 f - a scroll of teleportation {unknown}
 h - a scroll of enchant armour {unknown}
 o - 2 scrolls of recharging {unknown}
Potions
 e - 2 potions of cure mutation {unknown}
 g - 2 potions of degeneration {unknown}
 j - 2 potions of curing {unknown}
 l - a potion of mutation {unknown}
 n - a potion of heal wounds {unknown}
 p - a potion of ambrosia {unknown}
Books
 b - a book of Changes

   Spells                             Type                      Level
   a - Beastly Appendage              Transmutation                1
   b - Sticks to Snakes               Transmutation                2
   c - Spider Form                    Transmutation/Poison         3
   d - Ice Form                       Ice/Transmutation            4
   e - Blade Hands                    Transmutation                5
Comestibles
 c - 4 bread rations
 k - 2 meat rations
 q - a beef jerky


   Skills:
 + Level 3.2 Fighting
 - Level 2.0 Dodging
 - Level 3.0 Unarmed Combat
 + Level 3.3 Spellcasting
 + Level 3.6 Transmutations
 + Level 2.3 Poison Magic


You had 5 spell levels left.
You knew the following spells:

 Your Spells              Type           Power        Failure   Level  Hunger
a - Beastly Appendage     Trmt           ##....       6%          1    #......
b - Sticks to Snakes      Trmt           ##........   10%         2    ##.....
c - Spider Form           Trmt/Pois      ##........   21%         3    ###....


Dungeon Overview and Level Annotations

Branches:
Dungeon (3/15)

Altars:
Dithmenos
Fedhas
Sif Muna


Innate Abilities, Weirdness & Mutations

You cannot wear most types of armour.
You are amphibious.
You can wear up to eight rings at the same time.
You can use your tentacles to constrict eight enemies at once.
Your skin changes colour to match your surroundings (Stealth).
Your rubbery body absorbs attacks (AC +1).


Message History

You kill the orc priest!
You have reached level 6!
Your experience leads to an increase in your attributes!
Your base attributes are Str 11, Int 15, Dex 12.
Increase (S)trength, (I)ntelligence, or (D)exterity?
You feel stronger.
You start resting.
Your transformation is almost over.
You start resting.
An orc comes into view. It is wielding a war axe.
Things that are here:
a flail; an orc corpse The orc hits you with a war axe!
* * * LOW HITPOINT WARNING * * *
The orc misses you.
You closely miss the orc.
Your transformation has ended.
You tentacle-slap the orc but do no damage.
Your grab misses the orc. The orc hits you with a war axe!
You die...

#.#.##.# #.......# #...#
#.#.##.# #.......# #.###
#.#....# #.......# #.#
#.###..# ####.#### #.#
#.###..# #.# #.# ####......#
#.########.#
#......#.#######....>.....#
#.####.#...#...).....##.###
#####.####.###..@..))....##.#
........##.# ###o....)..[##.#
.####.#)##.# #.........##.#
## #......# #............#
###.#### #.........#### #.#
#.........# #.####
#.........#### ##### #....#
#.............
....######)########...###.###


You could see an orc.

Vanquished Creatures
  An orc priest (D:3)
  Ijyb (D:2)
  5 gnolls
  5 adders
  2 oozes
  4 orcs (D:3)
  9 bats
  4 giant cockroaches
  12 goblins
  3 hobgoblins
  7 jackals
  2 quokkas (D:3)
  A ball python (D:1)
  6 giant newts
  11 kobolds
  6 rats
79 creatures vanquished.

Notes
Turn   | Place    | Note
--------------------------------------------------------------
     0 | D:1      | oplop the Octopode Transmuter began the quest for the Orb.
     0 | D:1      | Reached XP level 1. HP: 13/13 MP: 3/3
   130 | D:1      | Reached XP level 2. HP: 12/18 MP: 3/5
   280 | D:1      | Reached XP level 3. HP: 22/24 MP: 6/6
  1123 | D:2      | Reached XP level 4. HP: 16/29 MP: 8/8
  1356 | D:2      | Learned a level 2 spell: Sticks to Snakes
  1360 | D:2      | Learned a level 3 spell: Spider Form
  1413 | D:2      | Noticed Ijyb
  1428 | D:2      | Killed Ijyb
  1667 | D:2      | Found a deep blue altar of Sif Muna.
  1667 | D:2      | Found a shadowy altar of Dithmenos.
  1668 | D:2      | Found a blossoming altar of Fedhas.
  1779 | D:2      | Reached skill level 1 in Poison Magic
  1790 | D:2      | Reached XP level 5. HP: 35/35 MP: 9/9
  3083 | D:3      | Reached XP level 6. HP: 15/42 MP: 4/10
  3095 | D:3      | Slain by an orc

Action                   |  1- 3 |  4- 6 || total
-------------------------+-------+-------++-------
Melee: Unarmed           |    73 |   139 ||   212
 Cast: Beastly Appendage |    15 |    24 ||    39
       Spider Form       |       |     3 ||     3
  Use: Potion            |     1 |       ||     1
 Stab: Sleeping          |     4 |     5 ||     9
  Eat: Chunk             |     1 |     6 ||     7
